 Dungeon Crawl Stone Soup version 0.25-a0-62-g88673ef095 (webtiles) character file.

Game seed: 10913095725772291855, levelgen mode: deterministic

249 D1HalberdGnoll the Slasher (level 5, 0/47 HPs)
             Began as a Draconian Chaos Knight on Oct 30, 2019.
             Was a Plaything of Xom.
             Killed from afar by Sigmund (4 damage)
             ... with a puff of flame
             ... on level 4 of the Dungeon.
             The game lasted 00:03:16 (2640 turns).

D1HalberdGnoll the Slasher (Draconian Chaos Knight) Turns: 2640, Time: 00:03:16

Health: 0/47       AC:  5    Str: 16    XL:     5   Next: 86%
Magic:  5/5        EV: 13    Int: 12    God:    Xom [......]
Gold:   139        SH:  0    Dex: 11    Spells: 4/4 levels left

rFire    + . .     SeeInvis .   o - +0 long sword
rCold    + . .     Gourm    .   (no shield)
rNeg     . . .     Faith    .   (armour unavailable)
rPois    +         Spirit   .   (helmet restricted)
rElec    +         Reflect  .   (no cloak)
rCorr    +         Harm     +   (no gloves)
MR       .....                  (no boots)
Stlth    +.........             j - amulet of harm
HPRegen  0.15/turn              l - +3 ring of strength
MPRegen  0.09/turn              (no ring)

@: confused, resistant
A: unfitting armour, screaming 1, weak 1, cold-blooded, AC +5
a: Renounce Religion


You were on level 4 of the Dungeon.
You worshipped Xom.
You were a very special plaything of Xom.
You were not hungry.

You visited 1 branch of the dungeon, and saw 4 of its levels.

You collected 139 gold pieces.

Inventory:

Hand Weapons
 o - a +0 long sword (weapon)
Jewellery
 j - an amulet of harm (around neck)
 l - a +3 ring of strength (left hand)
Scrolls
 a - a scroll of amnesia {unknown}
 c - 5 scrolls of identify {unknown}
 g - 2 scrolls of enchant weapon {unknown}
 h - 2 scrolls of fog {unknown}
 k - 2 scrolls of teleportation {unknown}
 p - a scroll of fear {unknown}
 s - a scroll of remove curse {unknown}
Potions
 d - a potion of agility {unknown}
 e - a potion of degeneration {unknown}
 f - a potion of heal wounds {unknown}
 i - a potion of lignification
 m - a potion of ambrosia {unknown}
 n - a potion of haste {unknown}
 q - a potion of might {unknown}
 r - a potion of resistance
Comestibles
 b - 10 rations
 t - 3 chunks of flesh


   Skills:
 + Level 4.5 Fighting
 * Level 5.1 Long Blades
 + Level 3.3 Dodging


You had 4 spell levels left.
You didn't know any spells.
Your spell library was empty.

Dungeon Overview and Level Annotations

Branches:
Dungeon (4/15)
 Temple: D:4-7

Altars:
Cheibriados
Fedhas
Gozag
Xom
Yredelemnul

Shops:
D:2 *   D:4 (

Annotations:
D:4 1 transporter, Eustachio, Sigmund


Innate Abilities, Weirdness & Mutations

Your plain brown scales are hard. (AC +5)
You cannot fit into any form of body armour.
You are cold-blooded and may be slowed by cold attacks.
You occasionally shout uncontrollably at your foes.
You are weak. (Str -2)


Message History

* * * LOW HITPOINT WARNING * * *
The centaur skeleton hits you.
* * * LOW HITPOINT WARNING * * *
Eustachio closely misses you.
A quokka comes into view.
The centaur skeleton hits you.
* * * LOW HITPOINT WARNING * * *
Eustachio gestures wildly while chanting.
Eustachio blinks!
Found Zujiosud's Weapon Shop.
You're too confused to move!
The centaur skeleton barely misses you. The centaur skeleton hits you.
* * * LOW HITPOINT WARNING * * *
An orc comes into view. It is wielding a +0 short sword.
The centaur skeleton hits you.
* * * LOW HITPOINT WARNING * * *
Sigmund casts a spell at you. The puff of flame hits you. You resist.
You die...
Xom snickers!

#.>.........#.##
#.#o...
#..........####
..#....
............#.
..#..$.
..###<............
.#....
..................
.#..$)
..................
......S...a....o.#
........Z#.......o
#......@.@.......
.................
#....@..r........
###..............
#...............
........!.......
...........∩....
............!..


You could see Eustachio, Sigmund, a worker ant, an adder, an orc, a quokka and a
centaur skeleton.

Vanquished Creatures
  A black bear (shapeshifter) (D:3)
  A howler monkey (D:3)
  A bullfrog skeleton (D:3)
  Robin (D:3)
  2 worms
  2 dart slugs
  3 orcs (D:3)
  A ball python (D:1)
  3 giant cockroaches
  11 goblins
  8 hobgoblins
  2 quokkas
  8 bats
  6 frilled lizards
  8 kobolds
  8 rats
66 creatures vanquished.

Notes
Turn   | Place    | Note
-------+----------+-------------------------------------------
     0 | D:1      | D1HalberdGnoll the Draconian Chaos Knight began the quest
                  | for the Orb.
     0 | D:1      | Reached XP level 1. HP: 19/19 MP: 1/1
   129 | D:1      | Reached XP level 2. HP: 26/26 MP: 2/2
   310 | D:1      | XOM: harmless Ice miscast
   517 | D:1      | XOM: noise
   586 | D:2      | XOM: mild Conj miscast
   748 | D:2      | Reached XP level 3. HP: 29/31 MP: 3/3
   798 | D:2      | Found a faded altar of an unknown god.
   802 | D:2      | You fall into a shaft and drop 1 floor!
   817 | D:3      | Reached skill level 4 in Long Blades
   817 | D:3      | Reached XP level 4. HP: 17/40 MP: 4/4
  1227 | D:3      | XOM: divination: magic mapping
  1260 | D:3      | Noticed a shapeshifter
  1260 | D:3      | an orc changed into a shapeshifter
  1260 | D:3      | Noticed a spriggan
  1260 | D:3      | a shapeshifter changed into a spriggan
  1268 | D:3      | Noticed a black bear
  1268 | D:3      | a spriggan changed into a black bear
  1280 | D:3      | XOM: scenery: create altars
  1297 | D:3      | HP: 3/60 [black bear (shapeshifter) (4)]
  1298 | D:3      | Killed a black bear
  1298 | D:3      | Reached XP level 5. HP: 4/47 MP: 5/5
  1629 | D:3      | Reached skill level 5 in Long Blades
  1693 | D:3      | Found a blossoming altar of Fedhas.
  1693 | D:3      | Found a snail-covered altar of Cheibriados.
  1695 | D:3      | Found a basalt altar of Yredelemnul.
  1962 | D:2      | XOM: god gift: scroll labeled RAPAUM JIOWOCK {god gift}
  1997 | D:2      | XOM: give mutations
  1997 | D:2      | Gained mutation: You occasionally shout uncontrollably at
                  | your foes. [Xom's mischief]
  1997 | D:2      | Gained mutation: You are weak. (Str -2) [Xom's mischief]
  2088 | D:2      | Found Gozag's Platinum Reserve.
  2103 | D:2      | Found an opulent altar of Gozag.
  2238 | D:2      | XOM: mild Air miscast
  2281 | D:2      | XOM: silly message
  2325 | D:2      | XOM: give mutations
  2325 | D:2      | Gained mutation: Your magical capacity is low. (-10% MP)
                  | [Xom's mischief]
  2325 | D:2      | Lost mutation: Your magical capacity is low. (-10% MP)
                  | [Xom's mischief]
  2559 | D:3      | Noticed Robin
  2570 | D:3      | Killed Robin
  2579 | D:3      | XOM: 1-stop teleportation journey
  2619 | D:3      | You fall into a shaft and drop 1 floor!
  2619 | D:4      | Found a transporter.
  2620 | D:4      | Noticed an orc warrior
  2630 | D:4      | XOM: confusion
  2632 | D:4      | XOM: enchant monster (bad)
  2634 | D:4      | Noticed Eustachio
  2635 | D:4      | Noticed Sigmund
  2638 | D:4      | Found Zujiosud's Weapon Shop.
  2640 | D:4      | Killed from afar by Sigmund

Levels and vault maps discovered:
D:1:      minmay_arrival_hallway, layout_loops_ring
D:2:      layout_loops_ring, nicolae_gozag_zags_fifth_avenue,
          chequers_ecumenical_altar_twisty
D:3:      layout_basic, nicolae_overflow_hidden_temple, first_ration,
          minmay_randomly_rotated_circles, uniq_robin, uniq_natasha
D:4:      layout_cave_pools, gammafunk_temple_overflow_arena,
          kiku_gazebo_pond_becter, nicolae_ossuary_entry_monument, serial_shops,
          shop, shop, nicolae_shop_waterfront, hangedman_decor_opposing,
          uniq_sigmund, uniq_ijyb, uniq_eustachio

Skill      XL: |  1  2  3  4  5 |
---------------+----------------+-----
Long Blades    | 4 5 |  5.1
Fighting       | 4 |  4.5
Dodging        | 3 |  3.3

Action                   |  1- 3 |  4- 6 || total
-------------------------+-------+-------++-------
Melee: Falchion          |    61 |    39 ||   100
       Tailslap          |     8 |    19 ||    27
       Long sword        |       |    75 ||    75
  Use: Potion            |       |     2 ||     2
 Stab: Paralysed         |     1 |       ||     1
  Eat: Chunk             |       |     6 ||     6
Armor: Skin              |    14 |    61 ||    75
Dodge: Dodged            |    40 |   100 ||   140
       Rpst.: Falchion   |    14 |    11 ||    25
       Long sword        |       |    15 ||    15

Table legend:
 A = Non-vault XP
 B = Vault XP
 C = Vault XP percentage of total XP
 D = Non-vault monster count
 E = Vault monster count
 F = Vault count percentage of total count
                 A         B        C        D         E       F
            +---------+---------+-------+---------+---------+-------
      Total |     314 |      42 |  11.8 |      52 |      14 |  21.2
            +---------+---------+-------+---------+---------+-------
        D:1 |      33 |       0 |   0.0 |      21 |       0 |   0.0
        D:2 |      30 |       0 |   0.0 |      18 |       0 |   0.0
        D:3 |     251 |      42 |  14.3 |      13 |      14 |  51.9
            +---------+---------+-------+---------+---------+-------
